 Dungeon Crawl Stone Soup version 0.23.0 (webtiles) character file.

Game seed: 12344087692444256502

4269 theswoord the Cruncher (level 10, -1/67 HPs)
             Began as a Demonspawn Gladiator on Feb 16, 2019.
             Was an Elder of Uskayaw.
             Killed from afar by Erolcha (19 damage)
             ... with an orb of energy
             ... on level 9 of the Dungeon.
             The game lasted 00:16:04 (9246 turns).

theswoord the Cruncher (Demonspawn Gladiator)       Turns: 9246, Time: 00:16:05

Health: -1/67      AC: 11    Str: 16    XL:     10   Next: 10%
Magic:  10/10      EV:  7    Int:  9    God:    Uskayaw [****..]
Gold:   564        SH:  0    Dex: 17    Spells: 9/9 levels left

rFire    + . .     SeeInvis .   a - +1 quarterstaff
rCold    . . .     Gourm    .   (shield currently unavailable)
rNeg     . . .     Faith    +   z - +1 chain mail
rPois    .         Spirit   .   c - +0 helmet
rElec    .         Reflect  .   A - +0 cloak
rCorr    .         Harm     .   l - +0 pair of gloves
MR       .....                  p - +0 pair of boots
Stlth    ..........             r - amulet of faith
HPRegen  1.21/turn              m - ring of flight
MPRegen  0.12/turn              B - +1 ring of slaying

@: confused, about to teleport, hasted, very quick
A: claws 2, icy blue scales 1, deformed body, fire resistance 1, nightstalker 1,
powered by death 2, subdued magic 1
a: Stomp, Line Pass, Renounce Religion, Evoke Flight


You were on level 9 of the Dungeon.
You worshipped Uskayaw.
Uskayaw was noncommittal.
You were not hungry.

You visited 2 branches of the dungeon, and saw 10 of its levels.

You collected 564 gold pieces.

Inventory:

Hand Weapons
 a - a +1 quarterstaff (weapon)
Missiles
 d - a throwing net (quivered)
Armour
 b - a +0 leather armour
 c - a +0 helmet (worn)
 g - a cursed +0 helmet
 l - a +0 pair of gloves (worn)
 p - a +0 pair of boots (worn)
 y - a +0 leather armour of cold resistance
 z - a +1 chain mail (worn)
 A - a +0 cloak (worn)
Jewellery
 k - an uncursed amulet of magic regeneration
 m - a ring of flight (left hand)
 r - an amulet of faith (around neck)
 w - an uncursed amulet of the acrobat
 B - a +1 ring of slaying (right hand)
Wands
 i - a wand of acid (17)
 s - a wand of iceblast (4)
 E - a wand of digging (5)
Scrolls
 e - 4 scrolls of teleportation
 h - 2 scrolls of magic mapping
 u - a scroll of enchant armour
 C - a scroll of amnesia
 G - 2 scrolls of identify
Potions
 n - 5 potions of curing
 v - a potion of magic {unknown}
 x - a potion of degeneration {unknown}
 D - a potion of brilliance {unknown}
Comestibles
 f - 11 rations
 q - 4 chunks of flesh


   Skills:
 - Level 2.0 Fighting
 + Level 13.2 Staves
 - Level 1.7 Throwing
 - Level 2.6 Dodging


You had 9 spell levels left.
You didn't know any spells.
Your spell library contained the following spells:

 Spells                   Type           Power        Failure   Level  Hunger
 Animate Skeleton         Necr           N/A          100%        1    ##.....
 Apportation              Tloc           #.....       100%        1    ##.....
 Confusing Touch          Hex            #.....       100%        1    ##.....
 Corona                   Hex            #......      100%        1    ##.....
 Summon Small Mammal      Summ           #...         100%        1    ##.....
 Ensorcelled Hibernation  Hex/Ice        #.....       100%        2    ###....
 Confuse                  Hex            #.......     100%        3    ####...
 Dazzling Spray           Conj/Hex       #.....       100%        3    ####...
 Tukima's Dance           Hex            #.......     100%        3    ####...


Dungeon Overview and Level Annotations

Branches:
Dungeon (9/15)             Temple (1/1) D:4             Orc (0/2) D:9
   Lair: D:8-11

Altars:
Ashenzari
Cheibriados
Dithmenos
Elyvilon
Fedhas
Gozag
Hepliaklqana
Kikubaaqudgha
Makhleb
Nemelex Xobeh
Okawaru
Qazlal
Sif Muna
Trog
Uskayaw
Vehumet
Xom
Yredelemnul
Zin
The Shining One
Lugonu

Shops:
D:7 }

Annotations:
D:9 Erolcha


Innate Abilities, Weirdness & Mutations

You have very sharp fingernails.
You are partially covered in icy blue scales. (AC +2)
You are slightly more attuned to the shadows.
You regenerate health from kills.
Armour fits poorly on your strangely shaped body.
Your flesh is heat resistant. (rF+)
Your spells are a little easier to cast, but a little less powerful.


Message History

Your chain mail prevents you from hitting Erolcha.
Erolcha completely misses you.
You hit Erolcha but do no damage. You sock Erolcha!
Erolcha casts a spell at you. The orb of energy hits you!
* * * LOW HITPOINT WARNING * * *
The orb of energy explodes!
You hit Erolcha.
You feel yourself speed up.
Erolcha hits you with a cursed -1 giant club!
* * * LOW HITPOINT WARNING * * *
As you read the scroll of teleportation, it crumbles to dust.
You feel strangely unstable. Erolcha hits you but does no damage.
It was a potion of ambrosia.
You are confused.
You feel invigorated.
Erolcha points at you and mumbles some strange words.
The orb of energy hits you!!
You die...

##.##..≈.≈..#
##....≈.≈.≈.###
......#...#..<#
##.##.#.≈.#...#
##....#...#...#
##.##.#.≈.#...# #
##....#...#...#####.###
.....##.≈.#.####O.....#
#...## #.####@# #.##.##
#.>..#.# #.###.#
#.##.#.#.. #.#
#######...(..#.#
#.####......##.#.#.#
#.#..........>.#...
#...####.##÷##.....#
##### #.÷.....#.###
####.####<#


You could see Erolcha.

Vanquished Creatures
  Joseph (D:9)
  Grinder (D:3)
  A hippogriff (D:9)
  A spriggan (D:8)
  Grum (D:9)
  A steam dragon (D:8)
  Menkaure (D:6)
  An ice beast (D:8)
  2 orc warriors
  3 sky beasts
  A black bear (D:9)
  5 ogres
  4 wolves
  3 centaurs
  4 bullfrogs
  2 scorpions
  A howler monkey (D:7)
  2 crimson imps
  2 centaur zombies (D:9)
  3 bullfrog zombies
  2 hounds
  3 orc priests
  3 jellies
  5 orc wizards
  Ijyb (D:3)
  An iguana (D:8)
  A worker ant (D:9)
  A hound zombie (D:5)
  A hound skeleton (D:4)
  Robin (D:2)
  5 gnolls
  9 adders
  A howler monkey skeleton (D:8)
  2 shadow imps (D:5)
  An adder skeleton (D:5)
  An adder zombie (D:8)
  4 worms
  2 dart slugs
  A leopard gecko (D:2)
  22 orcs
  5 giant cockroaches
  7 hobgoblins
  21 jackals
  5 kobolds
  3 quokkas
  9 bats
  5 frilled lizards
  9 goblins
  A leopard gecko skeleton (D:5)
  A leopard gecko zombie (D:5)
  2 quokka skeletons
  A quokka zombie (D:9)
  7 rats
183 creatures vanquished.

Vanquished Creatures (others)
  A plant (D:1)
1 creature vanquished.

Grand Total: 184 creatures vanquished

Notes
Turn   | Place    | Note
-------+----------+-------------------------------------------
     0 | D:1      | theswoord the Demonspawn Gladiator began the quest for the
                  | Orb.
     0 | D:1      | Reached XP level 1. HP: 16/16 MP: 1/1
   111 | D:1      | Reached skill level 3 in Staves
   117 | D:1      | Gained mutation: You regenerate a little health from kills.
                  | [demonic ancestry]
   117 | D:1      | Reached XP level 2. HP: 22/22 MP: 2/2
   120 | D:1      | Found a shimmering altar of Xom.
  1087 | D:2      | Reached XP level 3. HP: 16/27 MP: 3/3
  1279 | D:2      | Reached skill level 4 in Staves
  1325 | D:2      | You fall through a shaft!
  1406 | D:2      | Noticed Robin
  1417 | D:2      | Killed Robin
  1436 | D:2      | Gained mutation: You are slightly more attuned to the
                  | shadows. [demonic ancestry]
  1436 | D:2      | Reached XP level 4. HP: 19/33 MP: 4/4
  1765 | D:2      | Gained mutation: Your magical capacity is low. (-10% MP)
                  | [potion of mutation]
  1765 | D:2      | Gained mutation: Your muscles are strong. (Str +2) [potion
                  | of mutation]
  1765 | D:2      | Gained mutation: You have a pair of small horns on your
                  | head. [potion of mutation]
  1770 | D:2      | Lost mutation: Your muscles are strong. (Str +2) [potion of
                  | mutation]
  1770 | D:2      | Lost mutation: Your magical capacity is low. (-10% MP)
                  | [potion of mutation]
  1770 | D:2      | Lost mutation: You have a pair of small horns on your head.
                  | [potion of mutation]
  1770 | D:2      | Gained mutation: Armour fits poorly on your strangely
                  | shaped body. [potion of mutation]
  1770 | D:2      | Gained mutation: Your mind is acute. (Int +2) [potion of
                  | mutation]
  1833 | D:2      | Reached skill level 5 in Staves
  2087 | D:2      | Found a radiant altar of Vehumet.
  2779 | D:3      | Found a shadowy altar of Dithmenos.
  2779 | D:3      | Found a snail-covered altar of Cheibriados.
  3134 | D:3      | Gained mutation: You are partially covered in icy blue
                  | scales. (AC +2) [demonic ancestry]
  3134 | D:3      | Reached XP level 5. HP: 23/38 MP: 5/5
  3152 | D:3      | Noticed Ijyb
  3169 | D:3      | Killed Ijyb
  3316 | D:3      | Noticed Grinder
  3327 | D:3      | Killed Grinder
  3327 | D:3      | Reached skill level 6 in Staves
  3327 | D:3      | Reached XP level 6. HP: 44/44 MP: 6/6
  3361 | D:3      | Lost mutation: Your mind is acute. (Int +2) [potion of
                  | mutation]
  3361 | D:3      | Gained mutation: Your spells are a little easier to cast,
                  | but a little less powerful. [potion of mutation]
  3361 | D:3      | Gained mutation: Your flesh is heat resistant. (rF+)
                  | [potion of mutation]
  3416 | D:4      | Found a staircase to the Ecumenical Temple.
  3507 | D:4      | Reached skill level 7 in Staves
  3534 | Temple   | Entered the Ecumenical Temple
  3554 | Temple   | Became a worshipper of Uskayaw the Reveler
  3660 | D:4      | Reached * piety under Uskayaw
  3668 | D:4      | Reached ** piety under Uskayaw
  3672 | D:4      | Reached XP level 7. HP: 40/50 MP: 7/7
  3709 | D:4      | Reached *** piety under Uskayaw
  3777 | D:4      | Found a white marble altar of Elyvilon.
  3975 | D:4      | Found a shattered altar of Ashenzari.
  4297 | D:5      | Entered Level 5 of the Dungeon
  4524 | D:5      | Reached skill level 8 in Staves
  5212 | D:6      | Reached **** piety under Uskayaw
  5458 | D:6      | Reached skill level 9 in Staves
  5458 | D:6      | Gained mutation: You have sharp fingernails. [demonic
                  | ancestry]
  5458 | D:6      | Reached XP level 8. HP: 56/56 MP: 8/8
  6578 | D:6      | Noticed Menkaure
  6583 | D:6      | Killed Menkaure
  6634 | D:7      | Found a glowing golden altar of the Shining One.
  6752 | D:7      | Found a hazy altar of Hepliaklqana.
  6755 | D:7      | Found an iron altar of Okawaru.
  6758 | D:7      | Found a deep blue altar of Sif Muna.
  6777 | D:7      | Reached skill level 10 in Staves
  6781 | D:7      | Found Gocyvo's Gadget Shoppe.
  6793 | D:7      | Found a sparkling altar of Nemelex Xobeh.
  6795 | D:7      | Found a bloodstained altar of Trog.
  7325 | D:7      | Found a shimmering altar of Xom.
  7594 | D:8      | Reached skill level 11 in Staves
  7630 | D:8      | Gained mutation: You have very sharp fingernails. [demonic
                  | ancestry]
  7630 | D:8      | Reached XP level 9. HP: 39/61 MP: 9/9
  8446 | D:9      | Reached skill level 12 in Staves
  8643 | D:9      | Found a staircase to the Orcish Mines.
  8643 | D:9      | Noticed Joseph
  8665 | D:9      | Killed Joseph
  8673 | D:9      | Reached ***** piety under Uskayaw
  8844 | D:9      | Noticed Grum
  8854 | D:9      | Reached skill level 13 in Staves
  9141 | D:9      | Killed Grum
  9141 | D:9      | Gained mutation: You regenerate health from kills. [demonic
                  | ancestry]
  9141 | D:9      | Reached XP level 10. HP: 61/67 MP: 10/10
  9230 | D:9      | Noticed Erolcha
  9246 | D:9      | Killed from afar by Erolcha

Skill      XL: |  1  2  3  4  5  6  7  8  9 |
---------------+----------------------------+-----
Staves         | 3 4 5 6 7 9 11 13 | 13.2
Fighting       | |  2.0
Throwing       | |  1.7
Dodging        | |  2.6

Action                   |  1- 3 |  4- 6 |  7- 9 | 10-12 || total
-------------------------+-------+-------+-------+-------++-------
Melee: Quarterstaff      |    98 |   177 |   454 |    26 ||   755
Throw: Throwing net      |       |     1 |     3 |       ||     4
Invok: Stomp             |       |       |     1 |       ||     1
       Line Pass         |       |       |     1 |       ||     1
  Use: Scroll            |       |     7 |     9 |     1 ||    17
       Potion            |       |     4 |     7 |     2 ||    13
 Stab: Sleeping          |     1 |     6 |     2 |       ||     9
       Paralysed         |       |       |    12 |     3 ||    15
  Eat: Chunk             |     2 |     7 |    18 |       ||    27
Armor: Leather armour    |    28 |    52 |    28 |       ||   108
       Chain mail        |       |       |   154 |    11 ||   165
Dodge: Dodged            |    65 |   135 |   190 |     6 ||   396

Levels and vault maps discovered:
D:1:      lightli_arrival_statue_moat, layout_loops_corners, serial_forest,
          infiniplex_forest_lined_4_way, infiniplex_forest_end_2,
          infiniplex_forest_clump_tiny, infiniplex_forest_clump_long,
          infiniplex_forest_lined_4_way, infiniplex_forest_3_way,
          infiniplex_forest_corner_1, infiniplex_forest_end_1, xom_teletrap_fun
D:2:      layout_basic, nicolae_overflow_hidden_temple,
          hangedman_decor_peaks_small, uniq_robin
D:3:      kennysheep_six_static_rooms, layout_basic,
          gammafunk_temple_overflow_wave, uniq_ijyb, uniq_grinder
D:4:      layout_loops_cross, overflow_temple_1_default, elyvilon_altar_5,
          minmay_temple_entry_mini_moons, first_ration
D:5:      layout_loops_ring
D:6:      layout_loops_ring, chequers_mini_garden, uniq_menkaure
D:7:      layout_gridville, bloody_trog, nemelex_xobeh_ov_fountains_minmay,
          grunt_temple_overflow_diamond, tso_metal_star,
          overflow_temple_1_default, serial_shops, shop, st_stairs_1
D:8:      layout_cave_pools, grunt_pizzeria
D:9:      layout_loops_cross, nicolae_ru_path_of_blood, orc_0_dummy,
          basic_altar, uniq_erolcha, uniq_joseph, uniq_grum
Temple:   corrupted_temple
